 Dungeon Crawl Stone Soup version 0.19-a0-1019-g9c6a58d (webtiles) character file.

475 4thArraOfDagon the Slasher (level 6, -1/51 HPs)
             Began as a Centaur Abyssal Knight on July 25, 2016.
             Was a Believer of Lugonu.
             Slain by an orc wizard
             ... wielding a +1 dagger of electrocution
              (20 damage)
             ... on level 7 of the Dungeon.
             The game lasted 00:10:00 (1698 turns).

4thArraOfDagon the Slasher (Centaur Abyssal Knight) Turns: 1698, Time: 00:10:00

Health: -1/51      AC:  8    Str: 14    XL:     6   Next: 84%
Magic:  9/9        EV: 14    Int: 13    God:    Lugonu [**....]
Gold:   148        SH:  0    Dex: 14    Spells: 1 memorised, 3 levels left

rFire  . . .     SeeInvis .     h - +5 dagger (venom)
rCold  . . .     Gourm    .     b - +0 leather armour
rNeg   . . .     Faith    .     (no shield)
rPois  .         Spirit   .     (helmet restricted)
rElec  .         Dismiss  .     f - +2 cloak
rCorr  .         Reflect  .     (no gloves)
SustAt .         Harm     .     (no barding)
MR     .....                    (no amulet)
Stlth  ++........               (no ring)
                                (no ring)

@: agile, very quick, not resistant to hostile enchantments, unstealthy
A: hooves 3, horns 1, icy blue scales 1, deformed body, speed 2, screaming 1,
tough skin 3, subdued magic 1
a: Depart the Abyss, Bend Space, Renounce Religion


You were on level 7 of the Dungeon.
You worshipped Lugonu.
Lugonu was pleased with you.
You were hungry.

You visited 1 branch of the dungeon, and saw 7 of its levels.
You visited the Abyss 1 time.
You also visited: Sewer.

You collected 268 gold pieces.
You spent 120 gold pieces at shops.

Inventory:

Hand Weapons
 a - a +1 falchion
 h - a +5 dagger of venom (weapon)
 i - a +4 broad axe of chopping
Armour
 b - a +0 leather armour (worn)
 e - a +1 robe of magic resistance
 f - a +2 cloak (worn)
Jewellery
 o - an uncursed ring of protection from cold {unknown}
Wands
 t - a wand of flame (15/48)
Scrolls
 g - a scroll of enchant weapon
 l - 2 scrolls of remove curse
Potions
 m - a potion of haste {unknown}
 p - a potion of cure mutation {unknown}
 r - 2 potions of might
 u - a potion of cancellation {unknown}
 v - a potion of resistance {unknown}
Books
 k - a Young Poisoner's Handbook

   Spells                             Type                      Level
   a - Sting                          Conjuration/Poison           1
   b - Mephitic Cloud                 Conjuration/Poison/Air       3
   c - Olgreb's Toxic Radiance        Poison                       4
   d - Alistair's Intoxication        Transmutation/Poison         5
   e - Venom Bolt                     Conjuration/Poison           5
 q - a book of Air

   Spells                             Type                      Level
   a - Shock                          Conjuration/Air              1
   b - Swiftness                      Charms/Air                   2
   c - Repel Missiles                 Charms/Air                   2
   d - Static Discharge               Conjuration/Air              3
   e - Lightning Bolt                 Conjuration/Air              5
Comestibles
 c - 4 bread rations
 j - 2 meat rations
 n - 3 chunks of flesh


   Skills:
 - Level 3.0 Fighting
 - Level 5.0 Long Blades
 * Level 2.1 Axes
 - Level 1.3 Armour
 - Level 0.6 Dodging
 + Level 4.9 Invocations


You had 3 spell levels left.
You knew the following spells:

 Your Spells              Type           Power        Failure   Level  Hunger
a - Repel Missiles        Chrm/Air       #.....       56%         2    ###....


Dungeon Overview and Level Annotations

Branches:
Dungeon (7/15)             Temple (0/1) D:7

Altars:
Fedhas
Okawaru

Shops:
D:6 (

Annotations:
D:6 Prince Ribbit


Innate Abilities, Weirdness & Mutations

You have hooves in place of feet.
Armour fits poorly on your strangely shaped body.
You cover ground very quickly.
You have extremely tough skin. (AC +3)
You have a pair of small horns on your head.
You are partially covered in icy blue scales. (AC +1)
You occasionally shout uncontrollably at your foes.
Your spells are a little easier to cast, but a little less powerful.


Message History

Deactivating autopickup; reactivate with Ctrl-A.
The orc hits you but does no damage.
You hit the orc.
The orc is poisoned.
You kick the orc.
You kill the orc!
Lugonu accepts your kill. Something hits you.
You closely miss the orc. Your headbutt misses the orc.
The orc barely misses you. Something hits you but does no damage.
You hit the orc. Your kick misses the orc. You headbutt the orc.
You kill the orc!
Lugonu accepts your kill.
You hear some strange, mumbled words.
Something tries to affect you, but you resist.
No target in view!
No target in view!
Things that are here:
a mace x2
Something hits you. Something hits you.
You are electrocuted!
You die...

### # ... ..# .# .
#..# .. .# .. ...
.. .. #..##.. ≈###≈
...... ≈≈≈ .#...###
#.# .#....># #.#
...####.†###@##
#.......)...#
#######.#.#.#######
...............#
....###.#....#y#
........#.##.#.#
....##..#. ..#y# ..
#..######.# #..#
#.#


There were no monsters in sight!

Vanquished Creatures
  Duvessa (D:6)
  A wasp (D:7)
  Dowan (D:6)
  2 orc wizards (D:6)
  3 worker ants
  2 gnolls
  3 adders
  3 worms
  2 giant geckos
  7 orcs
  2 giant cockroaches (D:6)
  6 goblins
  A hobgoblin (D:2)
  6 jackals
  4 bats
  4 giant newts
  2 kobolds
  4 rats
54 creatures vanquished.

Vanquished Creatures (others)
  2 starspawn tentacles (Abyss:4)
  22 starspawn tentacle segments (Abyss:4)
24 creatures vanquished.

Grand Total: 78 creatures vanquished

Notes
Turn   | Place    | Note
-------+----------+-------------------------------------------
     0 | Abyss:1  | 4thArraOfDagon the Centaur Abyssal Knight began the quest for the Orb.
     0 | Abyss:1  | Reached XP level 1. HP: 19/19 MP: 2/2
    74 | Abyss:2  | Noticed a large abomination
    76 | Abyss:2  | Noticed a thrashing horror
    84 | Abyss:2  | Noticed a purple very ugly thing
    88 | Abyss:2  | Noticed a small abomination
   106 | Abyss:2  | jacquesderrida: deng
   127 | Abyss:2  | Noticed a hellephant
   129 | Abyss:2  | Noticed a small abomination
   130 | Abyss:2  | Noticed a tentacled starspawn
   147 | Abyss:3  | Noticed a purple draconian
   179 | Abyss:4  | Noticed a tentacled starspawn
   183 | Abyss:4  | Noticed a deep elf elementalist
   187 | Abyss:4  | Noticed an earth elemental
   202 | Abyss:4  | Noticed a flayed ghost
   203 | Abyss:4  | Noticed a starcursed mass
   207 | Abyss:4  | Noticed a spatial vortex
   208 | Abyss:4  | Noticed a spatial maelstrom
   208 | Abyss:4  | Noticed a spatial vortex
   209 | Abyss:4  | Noticed an earth elemental
   210 | Abyss:4  | Noticed a spatial vortex
   211 | Abyss:4  | Noticed a death knight
   212 | Abyss:4  | Noticed a freezing wraith
   212 | Abyss:4  | Noticed a spatial vortex
   212 | D:1      | Escaped the Abyss
   282 | D:1      | +4, seriously?
   286 | D:1      | Reached skill level 2 in Long Blades
   391 | D:1      | Reached * piety under Lugonu
   391 | D:1      | Reached XP level 2. HP: 14/26 MP: 3/3
   617 | D:3      | Reached XP level 3. HP: 25/31 MP: 4/4
   698 | D:2      | Reached skill level 3 in Long Blades
   839 | D:2      | Learned a level 2 spell: Repel Missiles
   883 | D:4      | Found a blossoming altar of Fedhas.
   961 | D:4      | Reached XP level 4. HP: 26/38 MP: 6/6
  1045 | D:4      | Noticed an ogre
  1050 | D:4      | Found an iron altar of Okawaru.
  1067 | D:5      | Entered Level 5 of the Dungeon
  1092 | D:5      | Noticed an ice beast
  1129 | D:5      | Noticed a phantom
  1146 | D:5      | Noticed an ogre
  1192 | D:6      | Noticed an ice beast
  1307 | D:6      | Found Piuhepp's Antique Weapon Shop.
  1309 | D:6      | Noticed Duvessa
  1311 | D:6      | Noticed Dowan
  1313 | D:6      | Gained mutation: You are partially covered in icy blue scales. (AC +1) [potion of mutation]
  1313 | D:6      | Gained mutation: You occasionally shout uncontrollably at your foes. [potion of mutation]
  1313 | D:6      | Gained mutation: Your mind is acute. (Int +2) [potion of mutation]
  1313 | D:6      | Reached skill level 4 in Long Blades
  1313 | D:6      | Reached XP level 5. HP: 15/45 MP: 7/7
  1318 | D:6      | Reached ** piety under Lugonu
  1324 | D:6      | Killed Duvessa
  1328 | D:6      | Killed Dowan
  1328 | D:6      | Reached skill level 5 in Long Blades
  1328 | D:6      | Reached XP level 6. HP: 9/51 MP: 7/9
  1362 | D:6      | Bought a glowing broad axe for 120 gold pieces
  1445 | D:6      | Found a glowing drain.
  1456 | Sewer    | Entered a sewer
  1497 | D:6      | Noticed an ice beast
  1525 | D:6      | Noticed an orc warrior
  1590 | D:6      | Gained mutation: Your spells are a little easier to cast, but a little less powerful. [potion of mutation]
  1590 | D:6      | Gained mutation: You have a pair of small horns on your head. [potion of mutation]
  1590 | D:6      | Lost mutation: Your mind is acute. (Int +2) [potion of mutation]
  1593 | D:6      | Noticed Prince Ribbit
  1618 | D:7      | Reached skill level 1 in Axes
  1630 | D:7      | Found a staircase to the Ecumenical Temple.
  1698 | D:7      | Slain by an orc wizard

Vault maps used:
D:1:      dpeg_arrival_radiant
D:2:      uniq_natasha
D:3:      first_bread, st_stairs_12, hangedman_decor_slide_cut,
          elyvilon_altar_5, uniq_grinder
D:4:      nicolae_overflow_crystal_walls, minmay_ruined_shrine
D:6:      serial_shops, shop, serial_glass, glass_columns_b, glass_columns_a,
          portal_sewer_entry_f, nicolae_zen_rock_garden, st_stairs_11,
          uniq_prince_ribbit1, uniq_duvessa
D:7:      minmay_overflow_temple_star_quad, kennysheep_mini_moat
Abyss:3:  hangedman_relentless_pull
Sewer:    sewer_co_tree

Skill      XL: |  1  2  3  4  5  6 |
---------------+-------------------+-----
Long Blades    | 2 3 4 5 |  5.0
Invocations    | 3 4 |  4.9
Axes           | 2 |  2.1
Fighting       | |  3.0
Armour         | |  1.3
Dodging        | |  0.6

Action                   |  1- 3 |  4- 6 || total
-------------------------+-------+-------++-------
Melee: Dagger            |    68 |    85 ||   153
       Falchion          |     5 |       ||     5
       Kick              |    15 |    18 ||    33
       Headbutt          |       |     3 ||     3
 Cast: Repel Missiles    |     1 |       ||     1
Invok: Depart the Abyss  |     1 |       ||     1
Evoke: Wand              |       |     1 ||     1
  Use: Potion            |     1 |     9 ||    10
       Scroll            |       |     4 ||     4
  Eat: Chunk             |       |     1 ||     1
Armor: Leather armour    |    20 |    47 ||    67
Dodge: Dodged            |    30 |    58 ||    88
       Deflected         |       |     2 ||     2
